Sharks vs Avalanche
Created - 11 décembre 2013 at 19:09
Goals
|
| Sharks |
0 |
1 |
0 |
0 |
1 |
| Avalanche |
0 |
0 |
1 |
1 |
2 |
|
Shots
|
| Sharks |
12 |
6 |
11 |
2 |
31 |
| Avalanche |
8 |
4 |
8 |
3 |
23 |
|
1st period
No Goal
Penalties :
Jason Pominville (Col) for Hooking (Minor) at 3:12, Adam Mair (SJS) for High sticking (Minor) at 8:09
2nd period
1. Sharks , Martin Samuelsson 4 (David Hale, David Krejci) at 14:10
Penalties :
Patrick Eaves (SJS) for Hooking (Minor) at 11:52, Jack Johnson (Col) for Slashing (Double Minor) at 14:25, Mike Comrie (Col) for Holding (Minor) at 19:15
3rd period
2. Avalanche , Mike Comrie 7 (Rostislav Olesz, Drew Doughty) at 7:44
Penalties :
Shane O'Brien (Col) for Charging (Double Minor) at 1:59, Shane O'Brien (Col) for Fighting (Major) at 8:01, Ian Laperriere (SJS) for Fighting (Major) at 8:01, Oleg Kvasha (Col) for Hooking (Minor) at 15:42
Overtime #1
3. Avalanche , Mike Comrie 8 (Corey Perry, Brian Campbell) at 3:58
Penalties :
No Penalty
Goalie Stats
Martin Biron (SJS), 21 saves from 23 shots - (0,913), OTL, 4-2-4, 63:58 minutes
Marty Turco (Col), 30 saves from 31 shots - (0,968), W, 9-7-1, 63:58 minutes
Players Stats for Sharks
Player Name G A P +/- PIM S H SB GA TA FO MP PP MP PK MP
------------------------------------------------------------------------------------
Adam Mair 0 0 0 0 2 2 0 0 0 0 4/7 11:29 0:29 0:37
Adam Pardy 0 0 0 0 0 0 0 1 0 2 0/0 13:24 1:02 0:00
Alex Pietrangelo 0 0 0 0 0 1 1 0 0 0 0/0 13:17 0:55 0:00
Andrei Markov 0 0 0 -1 0 2 0 1 0 0 0/0 22:03 5:11 1:42
Daniel Sedin 0 0 0 -1 0 4 3 0 1 2 1/2 19:14 5:07 1:41
Dany Heatley 0 0 0 -1 0 2 5 0 1 1 4/6 24:11 6:59 2:03
David Hale 0 1 1 -1 0 0 0 1 0 2 0/0 21:56 5:04 1:42
David Krejci 0 1 1 1 0 0 1 0 1 0 2/4 8:53 0:00 0:43
Filip Kuba 0 0 0 0 0 2 2 1 1 0 0/0 28:38 7:49 2:16
Georges Laraque 0 0 0 -2 0 4 3 0 1 0 1/2 22:05 6:56 0:47
Henrik Sedin 0 0 0 -1 0 4 3 1 0 0 10/25 24:06 6:56 2:01
Ian Laperriere 0 0 0 0 5 0 2 1 0 0 0/1 14:31 5:07 0:00
Joni Pitkanen 0 0 0 0 0 0 2 0 0 0 0/0 28:38 7:49 2:16
Martin Samuelsson 1 0 1 1 0 1 0 0 0 0 0/0 8:21 0:16 0:04
Mikko Koivu 0 0 0 0 0 3 5 0 0 0 5/8 16:07 5:07 0:00
Patrick Eaves 0 0 0 0 2 4 3 0 0 1 1/1 12:38 1:52 0:00
Ryan Callahan 0 0 0 1 0 1 0 0 0 0 0/1 9:17 1:23 0:00
Tomas Fleischmann 0 0 0 0 0 1 3 0 0 2 0/0 13:03 1:33 0:00
Players Stats for Avalanche
Player Name G A P +/- PIM S H SB GA TA FO MP PP MP PK MP
------------------------------------------------------------------------------------
Andrew Ladd 0 0 0 0 0 1 4 0 1 0 5/6 15:21 0:00 6:15
Brian Campbell 0 1 1 1 0 0 1 1 2 0 0/0 23:18 2:10 3:32
Bryan Little 0 0 0 0 0 0 0 0 0 0 2/3 12:47 1:45 2:56
Chuck Kobasew 0 0 0 0 0 7 3 0 0 0 0/0 15:46 0:09 7:05
Corey Perry 0 1 1 2 0 3 3 0 0 0 0/0 13:33 1:45 0:00
Drew Doughty 0 1 1 1 0 0 0 1 0 0 0/0 21:56 2:10 5:27
Jack Johnson 0 0 0 0 4 0 0 1 2 1 0/0 21:27 1:48 3:07
Jason Pominville 0 0 0 0 2 2 0 0 0 0 0/2 18:51 2:04 0:00
Jeff Taffe 0 0 0 -1 0 1 0 0 0 1 0/2 11:24 0:09 2:06
Marc Staal 0 0 0 0 0 0 0 1 1 2 0/0 25:50 0:00 8:08
Maxim Talbot 0 0 0 -1 0 0 2 0 0 0 0/4 12:15 0:00 4:11
Mike Comrie 2 0 2 2 2 5 3 1 1 0 8/15 19:33 1:48 5:06
Mike Mottau 0 0 0 -1 0 0 1 0 0 0 0/0 14:19 0:00 1:52
Oleg Kvasha 0 0 0 0 2 0 1 0 1 1 14/24 18:37 2:04 0:00
Richard Zednik 0 0 0 -1 0 0 1 0 0 0 0/0 8:16 0:09 0:00
Rostislav Olesz 0 1 1 1 0 1 1 1 0 0 0/0 12:45 1:45 0:11
Ryan Smyth 0 0 0 0 0 3 1 0 2 0 0/1 16:29 2:04 0:00
Shane O'Brien 0 0 0 1 9 0 1 3 0 0 0/0 19:24 0:00 5:44
3 Stars
1 - Mike Comrie (Col)
2 - Marty Turco (Col)
3 - Corey Perry (Col)
Power Play
Sharks - 0 on 7 Attempt(s) - 0,00%
Avalanche - 0 on 2 Attempt(s) - 0,00%
Penalty Kill
Sharks - 2 on 2 Attempt(s) - 100,00%
- Score 0 goal in Penalty Kill
Avalanche - 7 on 7 Attempt(s) - 100,00%
- Score 0 goal in Penalty Kill
Official
Referees : McCauley Wes and Kowal Tom
Linesman : Tony Sericolo and Vaughan Rody
Game Notes
11:44 of 2nd period - Sharks goal is going for a video replay. After video review, No Goal. The goalkeeper has been pushed into the net together with the puck after making a save.
Shane O'Brien and Ian Laperriere fight to a draw at 8:01 of 3rd period
Finance
Level 1 -- Attendance: 5398 (89,97%) -- Ticket Income 453 432 $
Level 2 -- Attendance: 4223 (84,46%) -- Ticket Income 211 150 $
Level 3 -- Attendance: 1832 (91,60%) -- Ticket Income 51 296 $
Level 4 -- Attendance: 4000 (100,00%) -- Ticket Income 72 000 $
Luxury Box -- Attendance: 898 (89,80%) -- Ticket Income 149 966 $
Game was played at the Pepsi Center
Total Attendance: 16351 (90,84%)
Total Ticket Income: 937 844 $
Other Income: 140 677 $
Total Income: 1 078 521 $
Sharks
5 vs 5 Forward
Center Left Wing Right Wing Time % Phy DF OF
1 Henrik Sedin Dany Heatley Georges Laraque 40 1 2 2
2 Mikko Koivu Daniel Sedin Ian Laperriere 30 1 2 2
3 Adam Mair Tomas Fleischmann Patrick Eaves 20 1 2 2
4 David Krejci Martin Samuelsson Ryan Callahan 10 1 2 2
5 vs 5 Defense
Defense Defense Time % Phy DF OF
1 Joni Pitkanen Filip Kuba 40 1 2 2
2 Andrei Markov David Hale 30 1 2 2
3 Adam Pardy Alex Pietrangelo 20 1 2 2
4 Joni Pitkanen Filip Kuba 10 1 2 2
PowerPlay Forward
Center Left Wing Right Wing Time % Phy DF OF
1 Henrik Sedin Dany Heatley Georges Laraque 60 1 2 2
2 Mikko Koivu Daniel Sedin Ian Laperriere 40 1 2 2
PowerPlay Defense
Defense Defense Time % Phy DF OF
1 Joni Pitkanen Filip Kuba 60 1 2 2
2 Andrei Markov David Hale 40 1 2 2
Penalty Kill 4 Players Forward
Center Wing Time % Phy DF OF
1 Dany Heatley Henrik Sedin 60 1 2 2
2 Daniel Sedin Georges Laraque 40 1 2 2
Penalty Kill 4 Players Defense
Defense Defense Time % Phy DF OF
1 Joni Pitkanen Filip Kuba 60 1 2 2
2 Andrei Markov David Hale 40 1 2 2
Penalty Kill - 3 Players Forward
Forward Time % Phy DF OF
1 Dany Heatley 60 1 2 2
2 Henrik Sedin 40 1 2 2
Penalty Kill - 3 Players Defense
Defense Defense Time % Phy DF OF
1 Joni Pitkanen Filip Kuba 60 1 2 2
2 Andrei Markov David Hale 40 1 2 2
4 vs 4 Forward
Center Wing Time % Phy DF OF
1 Dany Heatley Henrik Sedin 60 1 2 2
2 Daniel Sedin Georges Laraque 40 1 2 2
4 vs 4 Defense
Defense Defense Time % Phy DF OF
1 Joni Pitkanen Filip Kuba 60 1 2 2
2 Andrei Markov David Hale 40 1 2 2
Last Minutes Offensive
Center Left Wing Right Wing Defense Defense
Henrik Sedin Dany Heatley Georges Laraque Joni Pitkanen Filip Kuba
Last Minutes Defensive
Center Left Wing Right Wing Defense Defense
Henrik Sedin Dany Heatley Georges Laraque Joni Pitkanen Filip Kuba
Goaltenders
Starting : Martin Biron
Backup : Tyler Weiman
Extra Forwards
Normal : Tomas Fleischmann, Patrick Eaves, Adam Mair - PP : Tomas Fleischmann, Patrick Eaves - PK : Adam Mair
Extra Defensemen
Normal : Adam Pardy, Alex Pietrangelo, Andrei Markov - PP : Adam Pardy - PK : Alex Pietrangelo, Andrei Markov
Penalty Shots
Dany Heatley, Henrik Sedin, Daniel Sedin, Georges Laraque, Mikko Koivu
Avalanche
5 vs 5 Forward
Center Left Wing Right Wing Time % Phy DF OF
1 Oleg Kvasha Ryan Smyth Jason Pominville 40 1 2 2
2 Mike Comrie Rostislav Olesz Corey Perry 30 1 2 2
3 Bryan Little Andrew Ladd Chuck Kobasew 15 1 2 2
4 Maxim Talbot Jeff Taffe Richard Zednik 15 1 2 2
5 vs 5 Defense
Defense Defense Time % Phy DF OF
1 Jack Johnson Brian Campbell 35 1 2 2
2 Drew Doughty Shane O'Brien 33 1 2 2
3 Marc Staal Mike Mottau 32 1 2 2
4 Marc Staal Brian Campbell 0 1 2 2
PowerPlay Forward
Center Left Wing Right Wing Time % Phy DF OF
1 Oleg Kvasha Ryan Smyth Jason Pominville 60 1 2 2
2 Bryan Little Rostislav Olesz Corey Perry 40 1 2 2
PowerPlay Defense
Defense Defense Time % Phy DF OF
1 Drew Doughty Brian Campbell 60 1 2 2
2 Jack Johnson Mike Comrie 40 1 2 2
Penalty Kill 4 Players Forward
Center Wing Time % Phy DF OF
1 Mike Comrie Chuck Kobasew 60 1 2 2
2 Maxim Talbot Andrew Ladd 40 1 2 2
Penalty Kill 4 Players Defense
Defense Defense Time % Phy DF OF
1 Marc Staal Shane O'Brien 60 1 2 2
2 Jack Johnson Drew Doughty 40 1 2 2
Penalty Kill - 3 Players Forward
Forward Time % Phy DF OF
1 Mike Comrie 60 1 2 2
2 Jason Pominville 40 1 2 2
Penalty Kill - 3 Players Defense
Defense Defense Time % Phy DF OF
1 Marc Staal Drew Doughty 60 1 2 2
2 Jack Johnson Shane O'Brien 40 1 2 2
4 vs 4 Forward
Center Wing Time % Phy DF OF
1 Oleg Kvasha Jason Pominville 60 1 2 2
2 Mike Comrie Corey Perry 40 1 2 2
4 vs 4 Defense
Defense Defense Time % Phy DF OF
1 Marc Staal Brian Campbell 60 1 2 2
2 Jack Johnson Shane O'Brien 40 1 2 2
Last Minutes Offensive
Center Left Wing Right Wing Defense Defense
Oleg Kvasha Ryan Smyth Jason Pominville Drew Doughty Brian Campbell
Last Minutes Defensive
Center Left Wing Right Wing Defense Defense
Mike Comrie Ryan Smyth Jason Pominville Marc Staal Jack Johnson
Goaltenders
Starting : Marty Turco
Backup : Patrick Lalime
Extra Forwards
Normal : Jason Pominville, Mike Comrie, Andrew Ladd - PP : Richard Zednik, Jeff Taffe - PK : Andrew Ladd
Extra Defensemen
Normal : Marc Staal, Drew Doughty, Jack Johnson - PP : Drew Doughty - PK : Drew Doughty, Jack Johnson
Penalty Shots
Bryan Little, Jason Pominville, Corey Perry, Mike Comrie, Oleg Kvasha
% Time on Ice - Sharks
Lines # - Real PCT - Wanted PCT - Time Play
Normal Forward
1 - 31% - 40% - 12:56
2 - 27% - 30% - 11:23
3 - 24% - 20% - 9:54
4 - 19% - 10% - 7:54
Normal Defense
1 - 37% - 40% - 15:36
2 - 32% - 30% - 13:30
3 - 29% - 20% - 12:09
4 - 2% - 10% - 0:52
PP Forward
1 - 61% - 60% - 8:32
2 - 39% - 40% - 5:23
PP Defense
1 - 60% - 60% - 8:21
2 - 40% - 40% - 5:34
PK Forward
1 - 80% - 60% - 3:11
2 - 20% - 40% - 0:47
PK Defense
1 - 57% - 60% - 2:16
2 - 43% - 40% - 1:42
PK3 Forward
1 - 0% - 60%
2 - 0% - 40%
PK3 Defense
1 - 0% - 60%
2 - 0% - 40%
44 Forward
1 - 64% - 60% - 2:32
2 - 36% - 40% - 1:26
44 Defense
1 - 58% - 60% - 2:18
2 - 42% - 40% - 1:40
Last Minute Offensive - 0:00
Last Minute Defensive - 0:00
Total
Forward - 63:58
Defense - 63:58
|
% Time on Ice - Avalanche
Lines # - Real PCT - Wanted PCT - Time Play
Normal Forward
1 - 38% - 40% - 15:54
2 - 26% - 30% - 10:49
3 - 18% - 15% - 7:30
4 - 19% - 15% - 7:54
Normal Defense
1 - 38% - 35% - 15:49
2 - 34% - 33% - 14:27
3 - 28% - 32% - 11:51
4 - 0% - 0% - 0:00
PP Forward
1 - 56% - 60% - 2:13
2 - 44% - 40% - 1:45
PP Defense
1 - 55% - 60% - 2:10
2 - 45% - 40% - 1:48
PK Forward
1 - 75% - 60% - 10:27
2 - 25% - 40% - 3:28
PK Defense
1 - 69% - 60% - 9:32
2 - 31% - 40% - 4:23
PK3 Forward
1 - 0% - 60%
2 - 0% - 40%
PK3 Defense
1 - 0% - 60%
2 - 0% - 40%
44 Forward
1 - 75% - 60% - 2:59
2 - 25% - 40% - 0:59
44 Defense
1 - 63% - 60% - 2:30
2 - 37% - 40% - 1:28
Last Minute Offensive - 0:00
Last Minute Defensive - 0:00
Total
Forward - 63:58
Defense - 63:58
|
Play by Play
1st period
0:01 of 1st period - Henrik Sedin wins face-off versus Oleg Kvasha in neutral zone.
0:15 of 1st period - Icing by Jack Johnson.
0:16 of 1st period - Oleg Kvasha wins face-off versus Ian Laperriere in Avalanche zone.
1:18 of 1st period - Icing by Brian Campbell.
1:19 of 1st period - David Krejci wins face-off versus Jeff Taffe in Avalanche zone.
1:34 of 1st period - Wrist shot by Jeff Taffe.
1:34 of 1st period - Stopped by Martin Biron without a rebound.
1:35 of 1st period - Mike Comrie wins face-off versus Mikko Koivu in Sharks zone.
1:40 of 1st period - Snap shot by Corey Perry.
1:40 of 1st period - Stopped by Martin Biron without a rebound.
1:41 of 1st period - Mikko Koivu wins face-off versus Mike Comrie in Sharks zone.
2:06 of 1st period - Slapshot by Filip Kuba.
2:06 of 1st period - Stopped by Marty Turco with a rebound.
2:08 of 1st period - Snap shot by Henrik Sedin.
2:08 of 1st period - Stopped by Marty Turco with a rebound.
2:10 of 1st period - Snap shot by Georges Laraque.
2:10 of 1st period - Stopped by Marty Turco with a rebound.
2:12 of 1st period - Wrist shot by Dany Heatley.
2:12 of 1st period - Stopped by Marty Turco with a rebound.
2:14 of 1st period - Slapshot by Henrik Sedin.
2:14 of 1st period - Shot Blocked by Drew Doughty.
2:16 of 1st period - Snap shot by Dany Heatley.
2:16 of 1st period - Shot Misses the Net.
2:18 of 1st period - Slapshot by Filip Kuba.
2:18 of 1st period - Shot Misses the Net.
2:30 of 1st period - Shane O'Brien is hit by Patrick Eaves.
2:56 of 1st period - Martin Samuelsson is hit by Andrew Ladd and loses puck.
3:12 of 1st period - Minor Penalty to Jason Pominville for Hooking.
3:13 of 1st period - Henrik Sedin wins face-off versus Mike Comrie in Avalanche zone.
3:19 of 1st period - Off-side.
3:20 of 1st period - Mike Comrie wins face-off versus Henrik Sedin in neutral zone.
3:32 of 1st period - Slapshot by Filip Kuba.
3:32 of 1st period - Stopped by Marty Turco with a rebound.
3:50 of 1st period - Maxim Talbot is hit by Ian Laperriere.
4:28 of 1st period - Andrei Markov is hit by Andrew Ladd and loses puck.
5:11 of 1st period - Marc Staal is hit by Dany Heatley.
5:12 of 1st period - Penalty to Jason Pominville is over, Jason Pominville is back on ice.
5:56 of 1st period - Off-side.
5:57 of 1st period - Mike Comrie wins face-off versus Ryan Callahan in neutral zone.
6:22 of 1st period - Jeff Taffe is hit by Mikko Koivu and loses puck.
6:51 of 1st period - Snap shot by Andrew Ladd.
6:51 of 1st period - Shot Blocked by Adam Pardy.
6:53 of 1st period - Snap shot by Chuck Kobasew.
6:53 of 1st period - Shot Misses the Net.
7:07 of 1st period - Snap shot by David Krejci.
7:07 of 1st period - Shot Misses the Net.
7:13 of 1st period - Alex Pietrangelo is hit by Ryan Smyth and loses puck.
8:09 of 1st period - Minor Penalty to Adam Mair for High sticking.
8:10 of 1st period - Oleg Kvasha wins face-off versus Dany Heatley in Sharks zone.
9:43 of 1st period - Andrei Markov is hit by Corey Perry and loses puck.
10:09 of 1st period - Penalty to Adam Mair is over, Adam Mair is back on ice.
10:12 of 1st period - Georges Laraque is hit by Brian Campbell and loses puck.
10:24 of 1st period - Wrist shot by Georges Laraque.
10:24 of 1st period - Stopped by Marty Turco without a rebound.
10:25 of 1st period - Adam Mair wins face-off versus Maxim Talbot in Avalanche zone.
10:28 of 1st period - Wrist shot by Patrick Eaves.
10:28 of 1st period - Shot Misses the Net.
10:31 of 1st period - Icing by Marc Staal.
10:32 of 1st period - Patrick Eaves wins face-off versus Maxim Talbot in Avalanche zone.
10:39 of 1st period - Wrist shot by Patrick Eaves.
10:39 of 1st period - Stopped by Marty Turco without a rebound.
10:40 of 1st period - Henrik Sedin wins face-off versus Oleg Kvasha in Avalanche zone.
11:31 of 1st period - Snap shot by Mikko Koivu.
11:31 of 1st period - Stopped by Marty Turco with a rebound.
11:33 of 1st period - Wrist shot by Daniel Sedin.
11:33 of 1st period - Shot Misses the Net.
11:35 of 1st period - Wrist shot by Daniel Sedin.
11:35 of 1st period - Stopped by Marty Turco without a rebound.
11:36 of 1st period - Georges Laraque wins face-off versus Oleg Kvasha in Avalanche zone.
12:01 of 1st period - David Hale is hit by Mike Comrie and loses puck.
12:10 of 1st period - Snap shot by Tomas Fleischmann.
12:10 of 1st period - Shot Blocked by Marc Staal.
12:28 of 1st period - Off-side.
12:29 of 1st period - Bryan Little wins face-off versus David Krejci in neutral zone.
12:38 of 1st period - Off-side.
12:39 of 1st period - Henrik Sedin wins face-off versus Oleg Kvasha in neutral zone.
12:43 of 1st period - Andrei Markov is hit by Shane O'Brien.
13:19 of 1st period - Icing by Ian Laperriere.
13:20 of 1st period - Bryan Little wins face-off versus Mikko Koivu in Sharks zone.
13:21 of 1st period - Wrist shot by Chuck Kobasew.
13:21 of 1st period - Stopped by Martin Biron without a rebound.
13:22 of 1st period - Dany Heatley wins face-off versus Bryan Little in Sharks zone.
13:22 of 1st period - Dany Heatley is hit by Chuck Kobasew.
14:07 of 1st period - Wrist shot by Chuck Kobasew.
14:07 of 1st period - Stopped by Martin Biron with a rebound.
14:09 of 1st period - Wrist shot by Chuck Kobasew.
14:09 of 1st period - Stopped by Martin Biron with a rebound.
14:11 of 1st period - Snap shot by Chuck Kobasew.
14:11 of 1st period - Stopped by Martin Biron with a rebound.
14:13 of 1st period - Wrist shot by Bryan Little.
14:13 of 1st period - Shot Blocked by Ian Laperriere.
14:15 of 1st period - Wrist shot by Bryan Little.
14:15 of 1st period - Deflect By Andrew Ladd.
14:15 of 1st period - Shot Misses the Net.
14:15 of 1st period - Puck is out of play.
14:16 of 1st period - Oleg Kvasha wins face-off versus Henrik Sedin in Sharks zone.
14:47 of 1st period - Snap shot by Daniel Sedin.
14:47 of 1st period - Stopped by Marty Turco with a rebound.
16:41 of 1st period - Snap shot by Corey Perry.
16:41 of 1st period - Shot Misses the Net.
16:43 of 1st period - Snap shot by Rostislav Olesz.
16:43 of 1st period - Shot Misses the Net.
16:51 of 1st period - Snap shot by Mike Comrie.
16:51 of 1st period - Stopped by Martin Biron with a rebound.
17:11 of 1st period - Ian Laperriere is hit by Andrew Ladd and loses puck.
17:26 of 1st period - Wrist shot by Adam Mair.
17:26 of 1st period - Stopped by Marty Turco without a rebound.
17:27 of 1st period - Oleg Kvasha wins face-off versus Adam Mair in Avalanche zone.
17:57 of 1st period - Wrist shot by Corey Perry.
17:57 of 1st period - Shot Misses the Net.
18:01 of 1st period - Backhand shot by Corey Perry.
18:01 of 1st period - Deflect By Mike Comrie.
18:01 of 1st period - Stopped by Martin Biron with a rebound.
18:13 of 1st period - Snap shot by Georges Laraque.
18:13 of 1st period - Stopped by Marty Turco with a rebound.
19:23 of 1st period - Snap shot by Henrik Sedin.
19:23 of 1st period - Shot Misses the Net.
19:35 of 1st period - Maxim Talbot is hit by Daniel Sedin and loses puck.
19:49 of 1st period - Icing by Richard Zednik.
19:50 of 1st period - Oleg Kvasha wins face-off versus David Krejci in Avalanche zone.
19:50 of 1st period - Oleg Kvasha is hit by Filip Kuba.
2nd period
0:01 of 2nd period - Oleg Kvasha wins face-off versus Henrik Sedin in neutral zone.
0:10 of 2nd period - Wrist shot by Ryan Smyth.
0:10 of 2nd period - Stopped by Martin Biron without a rebound.
0:11 of 2nd period - Oleg Kvasha wins face-off versus Henrik Sedin in Sharks zone.
0:12 of 2nd period - Wrist shot by Jason Pominville.
0:12 of 2nd period - Stopped by Martin Biron with a rebound.
0:14 of 2nd period - Snap shot by Ryan Smyth.
0:14 of 2nd period - Shot Hit the Post.
0:16 of 2nd period - Wrist shot by Jason Pominville.
0:16 of 2nd period - Shot Misses the Net.
0:18 of 2nd period - Snap shot by Ryan Smyth.
0:18 of 2nd period - Stopped by Martin Biron without a rebound.
0:19 of 2nd period - Henrik Sedin wins face-off versus Oleg Kvasha in Sharks zone.
0:48 of 2nd period - Georges Laraque is hit by Mike Mottau and loses puck.
1:09 of 2nd period - Slapshot by Henrik Sedin.
1:09 of 2nd period - Shot Misses the Net.
1:53 of 2nd period - Slapshot by Marc Staal.
1:53 of 2nd period - Shot Misses the Net.
1:55 of 2nd period - Snap shot by Oleg Kvasha.
1:55 of 2nd period - Shot Blocked by Henrik Sedin.
1:57 of 2nd period - Snap shot by Ryan Smyth.
1:57 of 2nd period - Stopped by Martin Biron with a rebound.
2:09 of 2nd period - Snap shot by Andrei Markov.
2:09 of 2nd period - Stopped by Marty Turco without a rebound.
2:10 of 2nd period - Mikko Koivu wins face-off versus Mike Comrie in Avalanche zone.
2:35 of 2nd period - Filip Kuba is hit by Richard Zednik and loses puck.
3:03 of 2nd period - Andrew Ladd is hit by David Krejci and loses puck.
3:45 of 2nd period - Andrew Ladd is hit by Joni Pitkanen and loses puck.
3:58 of 2nd period - Chuck Kobasew is hit by Mikko Koivu and loses puck.
6:38 of 2nd period - Mike Comrie is hit by Mikko Koivu and loses puck.
7:43 of 2nd period - Bryan Little is hit by Ian Laperriere and loses puck.
8:01 of 2nd period - Brian Campbell is hit by Joni Pitkanen and loses puck.
8:16 of 2nd period - Jack Johnson is hit by Tomas Fleischmann and loses puck.
8:32 of 2nd period - Brian Campbell is hit by Patrick Eaves.
8:42 of 2nd period - Jeff Taffe is hit by Henrik Sedin and loses puck.
8:47 of 2nd period - Backhand shot by Henrik Sedin.
8:47 of 2nd period - Shot Misses the Net.
9:06 of 2nd period - Shane O'Brien is hit by Mikko Koivu and loses puck.
10:09 of 2nd period - Martin Samuelsson is hit by Oleg Kvasha and loses puck.
10:26 of 2nd period - Off-side.
10:27 of 2nd period - Adam Mair wins face-off versus Maxim Talbot in neutral zone.
10:40 of 2nd period - Patrick Eaves is hit by Maxim Talbot.
10:48 of 2nd period - Snap shot by Patrick Eaves.
10:48 of 2nd period - Stopped by Marty Turco without a rebound.
10:49 of 2nd period - Henrik Sedin wins face-off versus Ryan Smyth in Avalanche zone.
10:56 of 2nd period - Snap shot by Oleg Kvasha.
10:56 of 2nd period - Shot Misses the Net.
11:06 of 2nd period - Jason Pominville is hit by Henrik Sedin and loses puck.
11:42 of 2nd period - Snap shot by Patrick Eaves.
11:42 of 2nd period - Shot Blocked by Shane O'Brien.
11:44 of 2nd period - Backhand shot by Tomas Fleischmann.
11:44 of 2nd period - Sharks goal is going for a video replay.
11:44 of 2nd period - The goal is refused. The goalkeeper has been pushed into the net together with the puck after making a save..
11:45 of 2nd period - Oleg Kvasha wins face-off versus Adam Mair in Avalanche zone.
11:45 of 2nd period - Oleg Kvasha is hit by Filip Kuba.
11:52 of 2nd period - Minor Penalty to Patrick Eaves for Hooking.
11:53 of 2nd period - Oleg Kvasha wins face-off versus Dany Heatley in Sharks zone.
13:52 of 2nd period - Penalty to Patrick Eaves is over, Patrick Eaves is back on ice.
14:10 of 2nd period - Snap shot by Martin Samuelsson.
14:10 of 2nd period - Goal by Martin Samuelsson - Sharks : 1 - Avalanche : 0.
14:11 of 2nd period - Mikko Koivu wins face-off versus Mike Comrie in neutral zone.
14:16 of 2nd period - Snap shot by Mikko Koivu.
14:16 of 2nd period - Stopped by Marty Turco without a rebound.
14:17 of 2nd period - Mike Comrie wins face-off versus Mikko Koivu in Avalanche zone.
14:25 of 2nd period - Double Minor Penalty to Jack Johnson for Slashing.
14:26 of 2nd period - Mike Comrie wins face-off versus Henrik Sedin in Avalanche zone.
15:16 of 2nd period - Georges Laraque is hit by Maxim Talbot and loses puck.
15:33 of 2nd period - Andrew Ladd is hit by Daniel Sedin and loses puck.
16:37 of 2nd period - Drew Doughty is hit by Patrick Eaves.
17:44 of 2nd period - Patrick Eaves is hit by Chuck Kobasew and loses puck.
18:25 of 2nd period - Penalty to Jack Johnson is over, Jack Johnson is back on ice.
18:37 of 2nd period - Off-side.
18:38 of 2nd period - David Krejci wins face-off versus Jason Pominville in neutral zone.
18:47 of 2nd period - Snap shot by David Krejci.
18:47 of 2nd period - Shot Blocked by Brian Campbell.
19:11 of 2nd period - Alex Pietrangelo is hit by Rostislav Olesz and loses puck.
19:15 of 2nd period - Minor Penalty to Mike Comrie for Holding.
19:16 of 2nd period - Andrew Ladd wins face-off versus Henrik Sedin in Avalanche zone.
19:51 of 2nd period - Snap shot by Mikko Koivu.
19:51 of 2nd period - Stopped by Marty Turco without a rebound.
19:52 of 2nd period - Andrew Ladd wins face-off versus Henrik Sedin in Avalanche zone.
3rd period
0:01 of 3rd period - Andrew Ladd wins face-off versus Henrik Sedin in neutral zone.
0:08 of 3rd period - Snap shot by Chuck Kobasew.
0:08 of 3rd period - Stopped by Martin Biron with a rebound.
0:13 of 3rd period - Off-side.
0:14 of 3rd period - Andrew Ladd wins face-off versus Henrik Sedin in neutral zone.
0:19 of 3rd period - Snap shot by Chuck Kobasew.
0:19 of 3rd period - Stopped by Martin Biron with a rebound.
0:24 of 3rd period - Off-side.
0:25 of 3rd period - Henrik Sedin wins face-off versus Andrew Ladd in neutral zone.
0:39 of 3rd period - Slapshot by Henrik Sedin.
0:39 of 3rd period - Stopped by Marty Turco without a rebound.
0:40 of 3rd period - Andrew Ladd wins face-off versus Henrik Sedin in Avalanche zone.
0:40 of 3rd period - Andrew Ladd is hit by Dany Heatley.
1:04 of 3rd period - Marc Staal is hit by Daniel Sedin and loses puck.
1:15 of 3rd period - Penalty to Mike Comrie is over, Mike Comrie is back on ice.
1:23 of 3rd period - Snap shot by Andrew Ladd.
1:23 of 3rd period - Stopped by Martin Biron without a rebound.
1:24 of 3rd period - Henrik Sedin wins face-off versus Oleg Kvasha in Sharks zone.
1:56 of 3rd period - Slapshot by Corey Perry.
1:56 of 3rd period - Stopped by Martin Biron without a rebound.
1:57 of 3rd period - Henrik Sedin wins face-off versus Mike Comrie in Sharks zone.
1:59 of 3rd period - Double Minor Penalty to Shane O'Brien for Charging.
2:00 of 3rd period - Mike Comrie wins face-off versus Georges Laraque in Avalanche zone.
2:00 of 3rd period - Mike Comrie is hit by Henrik Sedin.
2:36 of 3rd period - Snap shot by Mikko Koivu.
2:36 of 3rd period - Shot Misses the Net.
5:47 of 3rd period - Snap shot by Adam Mair.
5:47 of 3rd period - Stopped by Marty Turco with a rebound.
5:59 of 3rd period - Penalty to Shane O'Brien is over, Shane O'Brien is back on ice.
6:21 of 3rd period - Patrick Eaves is hit by Corey Perry.
6:33 of 3rd period - Icing by Adam Mair.
6:34 of 3rd period - Adam Mair wins face-off versus Oleg Kvasha in Sharks zone.
6:56 of 3rd period - Mike Mottau is hit by Alex Pietrangelo and loses puck.
7:44 of 3rd period - Slapshot by Mike Comrie.
7:44 of 3rd period - Goal by Mike Comrie - Sharks : 1 - Avalanche : 1.
7:45 of 3rd period - Mikko Koivu wins face-off versus Oleg Kvasha in neutral zone.
8:01 of 3rd period - Shane O'Brien and Ian Laperriere fight to a draw.
8:01 of 3rd period - Penalty to Shane O'Brien for Fighting.
8:01 of 3rd period - Penalty to Ian Laperriere for Fighting.
8:02 of 3rd period - Oleg Kvasha wins face-off versus Henrik Sedin in neutral zone.
8:27 of 3rd period - Brian Campbell is hit by Tomas Fleischmann and loses puck.
9:25 of 3rd period - Maxim Talbot is hit by Dany Heatley and loses puck.
11:01 of 3rd period - Wrist shot by Alex Pietrangelo.
11:01 of 3rd period - Stopped by Marty Turco without a rebound.
11:02 of 3rd period - Henrik Sedin wins face-off versus Mike Comrie in Avalanche zone.
11:11 of 3rd period - Dany Heatley is hit by Mike Comrie and loses puck.
11:18 of 3rd period - Slapshot by Corey Perry.
11:18 of 3rd period - Stopped by Martin Biron with a rebound.
11:26 of 3rd period - Jack Johnson is hit by Georges Laraque.
11:34 of 3rd period - Snap shot by Henrik Sedin.
11:34 of 3rd period - Shot Misses the Net.
11:36 of 3rd period - Snap shot by Dany Heatley.
11:36 of 3rd period - Stopped by Marty Turco with a rebound.
11:38 of 3rd period - Snap shot by Henrik Sedin.
11:38 of 3rd period - Shot Misses the Net.
11:40 of 3rd period - Wrist shot by Henrik Sedin.
11:40 of 3rd period - Stopped by Marty Turco with a rebound.
11:42 of 3rd period - Slapshot by Adam Pardy.
11:42 of 3rd period - Shot Misses the Net.
11:44 of 3rd period - Slapshot by Adam Pardy.
11:44 of 3rd period - Shot Blocked by Rostislav Olesz.
11:46 of 3rd period - Snap shot by Henrik Sedin.
11:46 of 3rd period - Stopped by Marty Turco without a rebound.
11:47 of 3rd period - Mikko Koivu wins face-off versus Jason Pominville in Avalanche zone.
11:56 of 3rd period - Wrist shot by Daniel Sedin.
11:56 of 3rd period - Stopped by Marty Turco with a rebound.
13:18 of 3rd period - Oleg Kvasha is hit by Georges Laraque.
13:42 of 3rd period - Wrist shot by Chuck Kobasew.
13:42 of 3rd period - Stopped by Martin Biron with a rebound.
14:15 of 3rd period - Wrist shot by Tomas Fleischmann.
14:15 of 3rd period - Shot Misses the Net.
14:17 of 3rd period - Wrist shot by David Hale.
14:17 of 3rd period - Shot Blocked by Jack Johnson.
14:19 of 3rd period - Snap shot by Patrick Eaves.
14:19 of 3rd period - Stopped by Marty Turco without a rebound.
14:20 of 3rd period - Oleg Kvasha wins face-off versus Henrik Sedin in Avalanche zone.
15:13 of 3rd period - Off-side.
15:14 of 3rd period - Adam Mair wins face-off versus Maxim Talbot in neutral zone.
15:23 of 3rd period - Wrist shot by Patrick Eaves.
15:23 of 3rd period - Stopped by Marty Turco without a rebound.
15:24 of 3rd period - Oleg Kvasha wins face-off versus Henrik Sedin in Avalanche zone.
15:24 of 3rd period - Oleg Kvasha is hit by Dany Heatley.
15:37 of 3rd period - Off-side.
15:38 of 3rd period - Oleg Kvasha wins face-off versus Adam Mair in neutral zone.
15:41 of 3rd period - Wrist shot by Ryan Smyth.
15:41 of 3rd period - Shot Misses the Net.
15:42 of 3rd period - Minor Penalty to Oleg Kvasha for Hooking.
15:43 of 3rd period - Mike Comrie wins face-off versus Henrik Sedin in Avalanche zone.
15:43 of 3rd period - Mike Comrie is hit by Dany Heatley.
15:55 of 3rd period - Wrist shot by Joni Pitkanen.
15:55 of 3rd period - Shot Misses the Net.
15:57 of 3rd period - Slapshot by Filip Kuba.
15:57 of 3rd period - Shot Blocked by Shane O'Brien.
15:59 of 3rd period - Slapshot by Filip Kuba.
15:59 of 3rd period - Shot Blocked by Shane O'Brien.
16:09 of 3rd period - Filip Kuba is hit by Andrew Ladd.
17:07 of 3rd period - Jack Johnson is hit by Mikko Koivu and loses puck.
17:22 of 3rd period - Maxim Talbot is hit by Georges Laraque and loses puck.
17:42 of 3rd period - Penalty to Oleg Kvasha is over, Oleg Kvasha is back on ice.
18:13 of 3rd period - Wrist shot by David Krejci.
18:13 of 3rd period - Shot Blocked by Mike Comrie.
18:15 of 3rd period - Slapshot by Andrei Markov.
18:15 of 3rd period - Stopped by Marty Turco with a rebound.
18:17 of 3rd period - Wrist shot by David Krejci.
18:17 of 3rd period - Shot Misses the Net.
18:19 of 3rd period - Snap shot by Ryan Callahan.
18:19 of 3rd period - Stopped by Marty Turco with a rebound.
18:21 of 3rd period - Backhand shot by Martin Samuelsson.
18:21 of 3rd period - Shot Misses the Net.
18:35 of 3rd period - Wrist shot by Rostislav Olesz.
18:35 of 3rd period - Stopped by Martin Biron with a rebound.
19:32 of 3rd period - Oleg Kvasha is hit by Tomas Fleischmann and loses puck.
19:45 of 3rd period - Henrik Sedin is hit by Chuck Kobasew and loses puck.
Overtime #1
0:01 of 1st overtime period - Oleg Kvasha wins face-off versus Henrik Sedin in neutral zone.
0:44 of 1st overtime period - Icing by Shane O'Brien.
0:45 of 1st overtime period - Daniel Sedin wins face-off versus Mike Comrie in Avalanche zone.
0:50 of 1st overtime period - Snap shot by Daniel Sedin.
0:50 of 1st overtime period - Stopped by Marty Turco with a rebound.
1:10 of 1st overtime period - Wrist shot by Mike Comrie.
1:10 of 1st overtime period - Shot Misses the Net.
1:12 of 1st overtime period - Slapshot by Jack Johnson.
1:12 of 1st overtime period - Deflect By Mike Comrie.
1:12 of 1st overtime period - Shot Blocked by Andrei Markov.
1:12 of 1st overtime period - Puck is out of play.
1:13 of 1st overtime period - Dany Heatley wins face-off versus Oleg Kvasha in Sharks zone.
1:22 of 1st overtime period - Slapshot by Jason Pominville.
1:22 of 1st overtime period - Stopped by Martin Biron with a rebound.
1:24 of 1st overtime period - Wrist shot by Oleg Kvasha.
1:24 of 1st overtime period - Shot Misses the Net.
1:26 of 1st overtime period - Slapshot by Oleg Kvasha.
1:26 of 1st overtime period - Shot Blocked by Filip Kuba.
1:28 of 1st overtime period - Snap shot by Brian Campbell.
1:28 of 1st overtime period - Shot Misses the Net.
1:58 of 1st overtime period - Snap shot by Daniel Sedin.
1:58 of 1st overtime period - Shot Misses the Net.
2:06 of 1st overtime period - Georges Laraque is hit by Mike Comrie and loses puck.
2:28 of 1st overtime period - Off-side.
2:29 of 1st overtime period - Dany Heatley wins face-off versus Jeff Taffe in neutral zone.
2:52 of 1st overtime period - Slapshot by Georges Laraque.
2:52 of 1st overtime period - Stopped by Marty Turco without a rebound.
2:53 of 1st overtime period - Mike Comrie wins face-off versus Daniel Sedin in Avalanche zone.
3:00 of 1st overtime period - David Hale is hit by Corey Perry and loses puck.
3:07 of 1st overtime period - Backhand shot by Corey Perry.
3:07 of 1st overtime period - Shot Hit the Post.
3:09 of 1st overtime period - Snap shot by Corey Perry.
3:09 of 1st overtime period - Deflect By Mike Comrie.
3:09 of 1st overtime period - Stopped by Martin Biron without a rebound.
3:10 of 1st overtime period - Dany Heatley wins face-off versus Oleg Kvasha in Sharks zone.
3:50 of 1st overtime period - Snap shot by Corey Perry.
3:50 of 1st overtime period - Shot Misses the Net.
3:52 of 1st overtime period - Snap shot by Mike Comrie.
3:52 of 1st overtime period - Shot Blocked by David Hale.
3:58 of 1st overtime period - Wrist shot by Mike Comrie.
3:58 of 1st overtime period - Goal by Mike Comrie - Sharks : 1 - Avalanche : 2.
Output by the SimonT Hockey Simulator (STHS) for François Prévost -- Original Page W3C XHTML 1.0 Valid